 Dungeon Crawl Stone Soup version 0.22-a0-779-g6f83d72c62 (webtiles) character file.

20 Holzbalken the Insei (level 2, -1/21 HPs)
             Began as a Demonspawn Transmuter on July 19, 2018.
             Slain by a hobgoblin
             ... wielding a +0 club
              (2 damage)
             ... on level 2 of the Dungeon.
             The game lasted 00:04:26 (847 turns).

Holzbalken the Insei (Demonspawn Transmuter)         Turns: 847, Time: 00:04:26

Health: -1/21      AC:  4    Str: 10    XL:     2   Next: 58%
Magic:  2/5        EV: 12    Int: 14    God:
Gold:   33         SH:  0    Dex: 13    Spells: 2/5 levels left

rFire    . . .     SeeInvis .     - Unarmed
rCold    . . .     Gourm    .   (no shield)
rNeg     . . .     Faith    .   b - +0 robe
rPois    .         Spirit   .   h - +0 helmet
rElec    .         Reflect  .   (no cloak)
rCorr    .         Harm     .   i - +0 pair of gloves
MR       .....                  (boots currently unavailable)
Stlth    +.........             (no amulet)
HPRegen  0.07/turn              (no ring)
MPRegen  0.09/turn              (no ring)

@: appendage (expiring)
A: talons 3, demonic guardian 1
a: End Transformation


You were on level 2 of the Dungeon.
You were not hungry.
You had grown temporary talons.
You visited 1 branch of the dungeon, and saw 2 of its levels.

You collected 33 gold pieces.

Inventory:

Missiles
 a - 28 arrows
Armour
 b - a +0 robe (worn)
 h - a +0 helmet (worn)
 i - a +0 pair of gloves (worn)
Scrolls
 c - 3 scrolls of identify {unknown}
 f - 2 scrolls of remove curse {unknown}
 j - 2 scrolls of teleportation {unknown}
Potions
 e - a potion of heal wounds {unknown}
Comestibles
 d - 2 rations


   Skills:
 - Level 1.0 Fighting
 - Level 1.7 Dodging
 + Level 2.9 Unarmed Combat
 * Level 2.4 Spellcasting
 * Level 2.3 Transmutations


You had 2 spell levels left.
You knew the following spells:

 Your Spells              Type           Power        Failure   Level  Hunger
a - Beastly Appendage     Tmut           #.....       9%          1    #......
b - Sticks to Snakes      Tmut           #.......     13%         2    ###....

Your spell library contained the following spells:

 Spells                   Type           Power        Failure   Level  Hunger
 Spider Form              Tmut/Pois      #.........   38%         3    ###....
 Blade Hands              Tmut           #.........   94%         5    ######.
 Ice Form                 Ice/Tmut       #.......     80%         4    #####..


Dungeon Overview and Level Annotations

Branches:
Dungeon (2/15)

Altars:


Innate Abilities, Weirdness & Mutations

A weak demonic guardian rushes to your aid.
You have claws for feet.


Message History

The frilled lizard bites you.
* * * LOW HITPOINT WARNING * * *
Casting: Beastly Appendage (safe; 9% risk of failure)
Confirm with . or Enter, or press ? or * to list all spells.
You create a snake!
You now have 28 arrows.
The hobgoblin barely misses you. x2
The frilled lizard barely misses you. The bat closely misses you.
The bat hits you but does no damage.
The frilled lizard bites you but does no damage.
The bat hits you but does no damage. The bat closely misses you.
Your adder bites the frilled lizard.
The hobgoblin misses you. The bat hits you but does no damage.
Your transformation is almost over.
The bat hits you.
* * * LOW HITPOINT WARNING * * *
Your adder bites the hobgoblin.
The bat hits you.
* * * LOW HITPOINT WARNING * * *
The bat closely misses you. The hobgoblin barely misses you.
Your adder barely misses the bat.
The bat closely misses you. The bat misses you.
The hobgoblin hits you with a club.
You die...

########
#<...g.#
#(..lg.#
#...S.@###
#(..b.........
#..)....####$.
#.........
###%.......
........#
..........
#..........#
.......


You could see 2 hobgoblins, a bat, a frilled lizard and a friendly adder.

Vanquished Creatures
  A dart slug (D:1)
  A giant cockroach (D:1)
  A goblin (D:1)
  A hobgoblin (D:1)
  7 kobolds
  A bat (D:1)
  3 frilled lizards (D:1)
  4 rats (D:1)
19 creatures vanquished.

Notes
Turn   | Place    | Note
-------+----------+-------------------------------------------
     0 | D:1      | Holzbalken the Demonspawn Transmuter began the quest for the Orb.
     0 | D:1      | Reached XP level 1. HP: 15/15 MP: 3/3
   283 | D:1      | Gained mutation: A weak demonic guardian rushes to your aid. [demonic ancestry]
   283 | D:1      | Reached XP level 2. HP: 15/21 MP: 3/5
   462 | D:1      | Learned a level 2 spell: Sticks to Snakes
   845 | D:2      | HP: 1/21 [bat (1)]
   847 | D:2      | Slain by a hobgoblin

Vault maps used:
D:1:      tarquinn_simple_flora_water_d, due_unseen_surprise
D:2:      zin_statuary

Skill      XL: |  1 |
---------------+----+-----
Transmutations | 2 |  2.3
Fighting       | |  1.0
Dodging        | |  1.7
Unarmed Combat | |  2.9
Spellcasting   | |  2.4

Action                   || total
-------------------------++-------
Melee: Unarmed           ||    61
 Cast: Beastly Appendage ||     4
       Sticks to Snakes  ||     1
 Stab: Sleeping          ||     1
Armor: Robe              ||    30
Dodge: Dodged            ||    56

Table legend:
 A = Spawn XP
 B = Non-spawn XP
 C = Spawn XP percentage of total XP
 D = Spawn monster count
 E = Non-spawn monster count
 F = Spawn count percentage of total count
 G = Total turns spent on level
                    A         B        C        D         E        F      G
               +---------+---------+-------+---------+---------+-------+---------
         Total |       0 |      29 |   0.0 |       0 |      19 |   0.0 |   847
               +---------+---------+-------+---------+---------+-------+---------
           D:1 |       0 |      28 |   0.0 |       0 |      18 |   0.0 |   826
           D:2 |       0 |       1 |   0.0 |       0 |       1 |   0.0 |    21
               +---------+---------+-------+---------+---------+-------+---------
